 Dungeon Crawl Stone Soup version 0.18.1-8-gdd0e5ea (webtiles) character file.

90 Metae the Skirmisher (level 4, -4/35 HPs)
             Began as a Demonspawn Berserker on May 24, 2016.
             Was a Believer of Trog.
             Slain by Terence
             ... wielding a +2 flail of holy wrath
              (5 damage)
             ... on level 2 of the Dungeon.
             The game lasted 00:09:41 (2173 turns).

Metae the Skirmisher (Demonspawn Berserker)         Turns: 2173, Time: 00:09:42

Health: -4/35      AC:  9    Str: 23    XL:     4   Next: 32%
Magic:  4/4        EV:  9    Int:  9    God:    Trog [**....]
Gold:   103        SH:  0    Dex: 12    Spells: 0 memorised, 3 levels left

rFire  . . .     SeeInvis .     a - +0 mace
rCold  . . .     Gourm    .     l - +0 chain mail
rNeg   . . .     Faith    .     (no shield)
rPois  .         Spirit   .     (no helmet)
rElec  .         Dismiss  .     (no cloak)
rCorr  .         Reflect  .     (no gloves)
SustAt .         Harm     .     j - +0 pair of boots
MR     .....     Rnd*Tele +     (no amulet)
Stlth  ..........               (no ring)
                                n - ring of teleportation (curse)

@: mighty, not resistant to hostile enchantments, extremely unstealthy
A: talons 2, powered by death 1
a: Berserk, Trog's Hand, Burn Spellbooks, Renounce Religion


You were on level 2 of the Dungeon.
You worshipped Trog.
Trog was pleased with you.
You were not hungry.

You visited 1 branch of the dungeon, and saw 2 of its levels.

You collected 103 gold pieces.

Inventory:

Hand Weapons
 a - a +0 mace (weapon)
 f - a +0 club
Armour
 b - a +0 animal skin
 g - a +2 centaur barding
 j - a +0 pair of boots (worn)
 l - a +0 chain mail (worn)
Jewellery
 n - a cursed ring of teleportation (left hand)
Scrolls
 h - 7 scrolls of identify {unknown}
 o - a scroll of fear {unknown}
Potions
 d - a potion of might
 e - a potion of lignification {unknown}
 i - a potion of heal wounds {unknown}
 m - a potion of curing
 p - a potion of flight {unknown}
Comestibles
 c - a bread ration
 k - a meat ration


   Skills:
 + Level 3.4 Fighting
 + Level 3.4 Maces & Flails
 + Level 2.4 Armour
 + Level 2.5 Dodging
 + Level 0.6 Stealth


You had 3 spell levels left.
You didn't know any spells.

Dungeon Overview and Level Annotations

Branches:
Dungeon (2/15)

Altars:

Annotations:
D:2 Terence


Innate Abilities, Weirdness & Mutations

You have razor-sharp toenails.
You regenerate a little health from kills.


Message History

Terence is moderately wounded.
Terence barely misses you.
It was a potion of might.
You feel very mighty all of a sudden.
Terence hits you with a flail of holy wrath.
* * * LOW HITPOINT WARNING * * *
You convulse.
* * * LOW HITPOINT WARNING * * *
You barely miss Terence.
Terence is moderately wounded.
Terence hits you but does no damage.
You hit Terence.
Terence is heavily wounded.
Terence drinks a potion.
Terence is healed!
You sock Terence!
Terence is heavily wounded.
Terence hits you with a flail of holy wrath.
* * * LOW HITPOINT WARNING * * *
You convulse.
You die...

.......#...#
####.....#
#...#....#
#.#...#..#
##..
#....### .
... ###..#
...#....# .
#.#..#@# #
#....#@#
##.#.#.#
#....#.#
##.##.<###.#
.......###.#
#.##.#....#
# #.#.#### #
#.# ### #.#


You could see Terence.

Vanquished Creatures
  4 adders (D:2)
  An ooze (D:2)
  A dart slug (D:1)
  2 giant geckos (D:2)
  2 giant cockroaches
  6 goblins (D:1)
  6 hobgoblins (D:1)
  5 jackals (D:2)
  8 kobolds
  4 bats
  A giant newt (D:1)
  5 rats
45 creatures vanquished.

Notes
Turn   | Place    | Note
--------------------------------------------------------------
     0 | D:1      | Metae the Demonspawn Berserker began the quest for the Orb.
     0 | D:1      | Reached XP level 1. HP: 18/18 MP: 1/1
   681 | D:1      | Gained mutation: You regenerate a little health from kills. [demonic ancestry]
   681 | D:1      | Reached XP level 2. HP: 16/24 MP: 2/2
  1380 | D:1      | Reached ** piety under Trog
  1439 | D:1      | Gained mutation: You have sharp toenails. [demonic ancestry]
  1439 | D:1      | Reached XP level 3. HP: 25/29 MP: 3/3
  2037 | D:2      | Gained mutation: You have razor-sharp toenails. [demonic ancestry]
  2037 | D:2      | Reached XP level 4. HP: 35/35 MP: 4/4
  2157 | D:2      | Noticed Terence
  2173 | D:2      | HP: 1/35 [Terence/flail of holy wrath (4)]
  2173 | D:2      | Slain by Terence

Skill      XL: |  1  2 |
---------------+-------+-----
Armour         | 2 |  2.4
Maces & Flails | 3 |  3.4
Dodging        | 2 |  2.5
Fighting       | |  3.4
Stealth        | |  0.6

Action                   |  1- 3 |  4- 6 || total
-------------------------+-------+-------++-------
Melee: Mace              |   161 |    35 ||   196
  Use: Potion            |       |     1 ||     1
  Eat: Bread ration      |     1 |       ||     1
Armor: Animal skin       |     4 |       ||     4
       Chain mail        |   143 |    23 ||   166
Dodge: Dodged            |    99 |    20 ||   119
